 Dungeon Crawl Stone Soup version 0.31-a0-1183-gd88bbb8b4d (webtiles) character file.

Game seed: 11160188231332284766

140 qw the Shooter (level 5, 0/34 HPs)
             Began as a Gargoyle Hunter on Dec 11, 2023.
             Constricted to death by Ijyb (6 damage)
             ... on level 3 of the Dungeon.
             The game lasted 00:00:30 (1749 turns).

qw the Shooter (Gargoyle Hunter)                    Turns: 1749, Time: 00:00:30

Health: 0/34       AC: 10    Str: 15    XL:     5   Next: 22%
Magic:  5/5        EV:  8    Int:  9    God:
Gold:   93         SH:  0    Dex: 15    Spells: 4/4 levels left

rFire   . . .        a - +0 shortbow
rCold   . . .        (shield currently unavailable)
rNeg    + . .        e - +1 ring mail
rPois   inf          (no helmet)
rElec   +            (no cloak)
rCorr   .            (no gloves)
SInv    .            (no boots)
Will    .....        (no amulet)
Stlth   +            (no ring)
HPRegen 0.25/turn    (no ring)
MPRegen 0.09/turn

%: no passive effects
@: about to teleport, grasped by roots, constricted
A: sickness immunity, AC +4, negative energy resistance 1, electricity
resistance, torment resistance 1, petrification resistance
a: no special abilities


You were on level 3 of the Dungeon.
You visited 1 branch of the dungeon, and saw 3 of its levels.

You collected 93 gold pieces.


Innate Abilities, Weirdness & Mutations

You are immune to sickness and miasma.
Your stone body is resilient. (AC +4)
You are immune to poison.
You resist negative energy. (rN+)
You are resistant to electric shocks. (rElec)
You are resistant to unholy torment.
You are immune to petrification.


   Skills:
 - Level 4.3 Fighting
 + Level 5.0 Ranged Weapons
 - Level 1.4 Armour
 - Level 1.5 Dodging
 - Level 1.1 Stealth


You had 4 spell levels left.
You didn't know any spells.
Your spell library was empty.

Inventory:

Hand Weapons
 a - a +0 shortbow (weapon)
Armour
 e - a +1 ring mail (worn)
Scrolls
 f - a scroll of identify
Potions
 b - a potion of enlightenment {unknown}
 c - a potion of invisibility {unknown}
 g - a potion of might {unknown}
 h - a potion of mutation
 i - a potion of curing {unknown}

Dungeon Overview and Level Annotations

Branches:
Dungeon (3/15)

Altars:

Annotations:
D:3 Ijyb


Message History

You shoot an arrow. The arrow barely misses Ijyb.
The grasping roots constrict you. x2
You shoot an arrow. The arrow hits Ijyb.
Ijyb is moderately wounded.
Ijyb hits you but does no damage. The grasping roots constrict you.
The grasping roots release their grip on you.
You shoot an arrow. The arrow barely misses Ijyb.
Ijyb barely misses you.
You shoot an arrow. The arrow closely misses Ijyb.
Ijyb zaps a wand.
The roots erupt in riotous growth!
The grasping roots grab you!
Ijyb is unaffected.
The grasping roots constrict you.
You shoot an arrow. The arrow hits Ijyb but does no damage.
Ijyb is moderately wounded.
Ijyb hits you but does no damage. The grasping roots constrict you.
Ijyb hits you with a +0 dagger. The grasping roots constrict you.
The grasping roots release their grip on you.
You shoot an arrow. The arrow hits Ijyb but does no damage.
Ijyb is moderately wounded.
Ijyb hits you but does no damage.
You shoot an arrow. The arrow misses Ijyb.
Ijyb barely misses you.
You shoot an arrow. The arrow closely misses Ijyb.
Ijyb misses you.
You shoot an arrow. The arrow closely misses Ijyb.
Ijyb hits you with a +0 dagger.
An ufetubus comes into view.
You shoot an arrow. The arrow barely misses Ijyb.
Ijyb grins evilly.
Ijyb hits you with a +0 dagger.
Ijyb screams, "Die!"
Ijyb zaps a wand.
The roots erupt in riotous growth!
The grasping roots grab you!
Ijyb is unaffected.
The grasping roots constrict you.
1749 ||| READING scroll of teleportation.
As you read the scroll of teleportation, it crumbles to dust.
You feel strangely unstable.
Ijyb screams, "Level is mine!
All mine!"
Ijyb hits you but does no damage. The grasping roots constrict you.
You die...

######## #...(..#
#.##.#.###
######.#.#..#@#
#.......###..#g55....
#.####.#.#..#.###.##.
#.##.#.### #......###
##.......# #.......#
## #.......# #...
#.......#


You could see Ijyb and 2 ufetubi.

Vanquished Creatures
  An ogre (D:3)
  An adder (D:2)
  3 dart slugs (D:1)
  4 ball pythons (D:1)
  3 bats
  5 endoplasms
  2 giant cockroaches (D:1)
  2 goblins (D:1)
  4 hobgoblins (D:1)
  3 jackals
  3 kobolds
  A quokka (D:1)
  2 frilled lizards
  2 rats
36 creatures vanquished.

Notes
Turn   | Place    | Note
-------+----------+-------------------------------------------
     0 | D:1      | qw the Gargoyle Hunter began the quest for the Orb.
     0 | D:1      | Reached XP level 1. HP: 12/12 MP: 1/1
     0 | D:1      | 0 ||| qw: Version: 0.3-a-106-g2cfff9e
     0 | D:1      | 0 ||| qw: Game counter: 2112
     0 | D:1      | 0 ||| qw: Melee chars always use a shield: true
     0 | D:1      | 0 ||| qw: God list: Okawaru
     0 | D:1      | 0 ||| qw: Allow faded altars: false
     0 | D:1      | 0 ||| qw: Do Orc after clearing Dungeon:15 true
     0 | D:1      | 0 ||| qw: Do second Lair branch before Depths: true
     0 | D:1      | 0 ||| qw: Lair rune preference: random
     0 | D:1      | 0 ||| qw: Goals: Normal, Save, Zot:1-4, Win
     0 | D:1      | 0 ||| PLANNING D:1-11
    31 | D:1      | Reached XP level 2. HP: 17/17 MP: 2/2
    47 | D:1      | Found a faded altar of an unknown god.
   232 | D:1      | Reached XP level 3. HP: 20/21 MP: 3/3
   237 | D:1      | Reached skill level 5 in Ranged Weapons
   666 | D:1      | 666 ||| UPGRADING to +0 ring mail.
   676 | D:1      | 676 ||| DROPPING +0 leather armour.
   677 | D:1      | 677 ||| READING scroll labelled YKELENTARUH.
   680 | D:1      | 680 ||| READING scroll labelled QIHISE HOOWIECATUI.
   681 | D:1      | 681 ||| READING scroll labelled REEHUAXKOR.
   681 | D:1      | 681 ||| ENCHANTING +0 ring mail.
   682 | D:1      | 682 ||| READING scroll labelled REETRA ZIGOME.
   682 | D:1      | 682 ||| IDENTIFYING glowing black potion
   683 | D:1      | 683 ||| DROPPING scroll of butterflies.
  1220 | D:2      | Reached skill level 1 in Armour
  1560 | D:2      | 1560 ||| READING scroll labelled ZYFUSU ENOLUL.
  1590 | D:3      | Noticed an ogre
  1596 | D:3      | Killed an ogre
  1597 | D:3      | Reached XP level 4. HP: 30/30 MP: 4/4
  1597 | D:3      | Reached XP level 5. HP: 34/34 MP: 5/5
  1737 | D:3      | Noticed Ijyb
  1748 | D:3      | HP: 6/34 [constriction (6)]
  1749 | D:3      | 1749 ||| READING scroll of teleportation.
  1749 | D:3      | Constricted to death by Ijyb

Levels and vault maps discovered:
D:1:      dpeg_arrival_simpleton_a, layout_loops_ring,
          shapermc_ecumenical_altar_acropolis
D:2:      layout_basic, kennysheep_generic_room_13
D:3:      layout_loops_cross, minmay_misc_feat_secret_circle, uniq_ijyb

Skill      XL: |  1  2  3 |
---------------+----------+-----
Ranged Weapons | 5 |  5.0
Armour         | 1 |  1.4
Fighting       | 4 |  4.3
Dodging        | |  1.5
Stealth        | |  1.1

Action                     |  1- 3 |  4- 6 || total
---------------------------+-------+-------++-------
   Fire: Shortbow          |    97 |    14 ||   111
    Use: Scroll            |     5 |     1 ||     6
 Armour: Leather armour    |    23 |       ||    23
         Ring mail         |     5 |     7 ||    12
  Dodge: Dodged            |    25 |     3 ||    28

Table legend:
 A = Non-vault XP
 B = Vault XP
 C = Vault XP percentage of total XP
 D = Non-vault monster count
 E = Vault monster count
 F = Vault count percentage of total count
                 A         B        C        D         E       F
            +---------+---------+-------+---------+---------+-------
      Total |     198 |       2 |   1.0 |      35 |       1 |   2.8
            +---------+---------+-------+---------+---------+-------
        D:1 |      49 |       0 |   0.0 |      24 |       0 |   0.0
        D:2 |      24 |       2 |   7.7 |       8 |       1 |  11.1
        D:3 |     125 |       0 |   0.0 |       3 |       0 |   0.0
            +---------+---------+-------+---------+---------+-------
